 Dungeon Crawl Stone Soup version 0.26-b1-32-g5d43845318 (webtiles) character file.

Game seed: 1874589150398266827

55 Borgoz the Cudgeller (level 3, -2/30 HPs)
             Began as a Ghoul Gladiator on Jan 13, 2021.
             Killed from afar by an orc wizard (9 damage)
             ... with a magic dart
             ... on level 2 of the Dungeon.
             The game lasted 00:00:49 (1225 turns).

Borgoz the Cudgeller (Ghoul Gladiator)              Turns: 1225, Time: 00:00:50

Health: -2/30      AC:  4    Str: 18    XL:     3   Next: 93%
Magic:  2/2        EV: 12    Int:  3    God:
Gold:   26         SH:  0    Dex: 10    Spells: 2/2 levels left

rFire    . . .     SeeInvis .   a - +0 flail
rCold    + . .     Faith    .   (no shield)
rNeg     + + +     Spirit   .   b - +0 leather armour
rPois    ∞         Reflect  .   c - +0 helmet
rElec    .         Harm     .   (no cloak)
rCorr    .         Rampage  .   (no gloves)
Will     .....                  (no boots)
Stlth    +.........             (no amulet)
HPRegen  0.00/turn              (no ring)
MPRegen  0.08/turn              (no ring)

@: no status effects
A: claws 1, cold resistance 1, negative energy resistance 3, inhibited
regeneration, torment resistance, unbreathing
a: no special abilities


You were on level 2 of the Dungeon.
You visited 1 branch of the dungeon, and saw 2 of its levels.

You collected 26 gold pieces.

Inventory:

Hand Weapons
 a - a +0 flail (weapon)
Missiles
 d - 3 throwing nets (quivered)
Armour
 b - a +0 leather armour (worn)
 c - a +0 helmet (worn)
Potions
 e - a potion of invisibility {unknown}
 f - a potion of haste
 g - 2 potions of degeneration {unknown}
 h - a potion of heal wounds {unknown}


   Skills:
 + Level 2.9 Fighting
 + Level 3.1 Maces & Flails
 - Level 1.7 Throwing
 + Level 1.3 Armour
 + Level 3.1 Dodging


You had 2 spell levels left.
You didn't know any spells.
Your spell library was empty.

Dungeon Overview and Level Annotations

Branches:
Dungeon (2/15)

Altars:


Innate Abilities, Weirdness & Mutations

You thrive by killing the living.
You are immune to poison.
You have sharp fingernails.
Your flesh is cold resistant. (rC+)
You are immune to negative energy. (rN+++)
You do not regenerate when monsters are visible.
You are immune to unholy pain and torment.
You can survive without breathing.


Message History

The orc wizard gestures at you while chanting.
The magic dart hits you.
The orc wizard hits you but does no damage.
You closely miss the orc wizard.
The orc wizard is almost dead.
The orc wizard casts a spell at itself.
The orc wizard flickers and vanishes!
Deactivating autopickup; reactivate with Ctrl-A.
You hear some strange, mumbled words.
A puff of flame appears from out of thin air!
The puff of flame hits you!
* * * LOW HITPOINT WARNING * * *
You barely miss something.
You feel yourself speed up. Something hits you.
* * * LOW HITPOINT WARNING * * *
You hear some strange, mumbled words.
A magic dart appears from out of thin air!
The magic dart hits you!
You die...

†########
........##########
...............#..
.######.######.#.#
.# #.# #.#.# .#
#.# #.#o# .# #.#
#.#o# .# #.# #.#{#
. #.# #.#@#
#.######.#)#
#..........#
#######.......#
........##
#######..# ..# ..#
.#


You could see 2 orcs.

Vanquished Creatures
  An orc wizard (D:2)
  An ooze (D:1)
  2 leopard geckos
  2 bats (D:1)
  2 goblins (D:1)
  A hobgoblin (D:1)
  2 jackals (D:1)
  2 kobolds (D:1)
  4 ball pythons (D:1)
  3 frilled lizards
  A rat (D:1)
21 creatures vanquished.

Vanquished Creatures (others)
  A plant (D:1)
1 creature vanquished.

Grand Total: 22 creatures vanquished

Notes
Turn   | Place    | Note
-------+----------+-------------------------------------------
     0 | D:1      | Borgoz the Ghoul Gladiator began the quest for the Orb.
     0 | D:1      | Reached XP level 1. HP: 17/17 MP: 0/0
   179 | D:1      | Reached XP level 2. HP: 13/25 MP: 1/1
  1016 | D:1      | Reached skill level 1 in Armour
  1017 | D:1      | Reached XP level 3. HP: 25/30 MP: 2/2
  1225 | D:2      | Killed from afar by an orc wizard

Illustrated notes

Levels and vault maps discovered:
D:1:      eino_arrival_druids_welcome, layout_basic, minmay_shallow_snake_nest
D:2:      layout_loops_ring, general_overflow_altar,
          chequers_ecumenical_altar_twisty

Skill      XL: |  1  2 |
---------------+-------+-----
Armour         | 1 |  1.3
Dodging        | 3 |  3.1
Maces & Flails | 3 |  3.1
Fighting       | |  2.9
Throwing       | |  1.7

Action                   || total
-------------------------++-------
Melee: Flail             ||    78
  Use: Scroll            ||     1
Armor: Leather armour    ||    37
Dodge: Dodged            ||    68
